 Dungeon Crawl Stone Soup version 0.25-a0-737-g26c3a87c45 (webtiles) character file.

Game seed: 12929243736809852209, levelgen mode: deterministic

105872 Esekla the Fencer (level 16, 122/122 HPs)
             Began as a Barachi Warper on Apr 12, 2020.
             Was an Initiate of Gozag.
             Got out of the dungeon alive.
             The game lasted 05:30:22 (26043 turns).

Esekla the Fencer (Barachi Warper)                 Turns: 26043, Time: 05:30:22

Health: 122/122    AC: 17    Str: 12    XL:     16   Next: 42%
Magic:  33/33      EV: 26    Int: 18    God:    Gozag
Gold:   757        SH:  0    Dex: 15    Spells: 8/42 levels left

rFire    . . .     SeeInvis +   X - +8 autumn katana {vorpal, Clar}
rCold    + . .     Gourm    .   (no shield)
rNeg     . . .     Faith    .   v - +4 troll leather armour
rPois    .         Spirit   .   T - +1 hat of the Trees {Slay+2 SInv}
rElec    +         Reflect  .   j - +1 cloak of Starlight {rElec rC+ EV+4 Stlth--}
rCorr    .         Harm     .   I - +0 pair of gloves
MR       ++...     Clarity  +   k - +2 pair of boots
Stlth    ..........             i - amulet of regeneration
HPRegen  1.10/turn              M - +5 ring of evasion
MPRegen  0.23/turn              q - ring of protection from magic

@: slow
A: +LOS, swims, horns 1, talons 1, clever 1, slowness 1, weak 1, strong legs 2
a: Hop, Potion Petition, Call Merchant, Bribe Branch, Renounce Religion


You escaped.
You worshipped Gozag.
Gozag was pleased with you.
You were not hungry.

You visited 4 branches of the dungeon, and saw 24 of its levels.
You also visited: Sewer, Gauntlet and Ice Cave.

You collected 2843 gold pieces.
You spent 1009 gold pieces at shops.
You paid 1077 gold pieces to Gozag.

Inventory:

Hand Weapons
 z - a +6 scimitar of flaming
 N - a +2 vampiric battleaxe
 R - the +1 halberd of Hell's Wrath {speed, rN+ MR++}
   (You found it in an ice cave)

   Attacks with this weapon are significantly faster.
   It protects you from negative energy.
   It affects your resistance to hostile enchantments.
 X - the +8 autumn katana (weapon) {vorpal, Clar}
   (You found it on level 5 of the Lair of Beasts)

   It inflicts extra damage upon your enemies.
   It protects you against confusion.
Missiles
 e - 8 boomerangs of dispersal
 l - 97 poisoned darts (quivered)
 p - 32 boomerangs
Armour
 c - a +3 leather armour of cold resistance
 g - a +2 hat
 j - the +1 cloak of Starlight (worn) {rElec rC+ EV+4 Stlth--}
   (You bought it in a shop on level 2 of the Orcish Mines)

   It affects your evasion (+4).
   It protects you from cold.
   It insulates you from electricity.
   It makes you much less stealthy.
 k - a +2 pair of boots (worn)
 m - a +2 hat
 u - a +0 helmet of see invisible
 v - a +4 troll leather armour (worn)
 G - a scarf of cloud immunity
 I - a +0 pair of gloves (worn)
 P - a +0 helmet
 S - a +0 helmet
 T - the +1 hat of the Trees (worn) {Slay+2 SInv}
   (You found it in a Gauntlet)

   It affects your accuracy and damage with ranged weapons and melee attacks
   (+2).
   It lets you see invisible.
Jewellery
 i - an amulet of regeneration (around neck)
 q - a ring of protection from magic (right hand)
 x - an uncursed ring of wizardry
 J - the ring of Moral Flaws {*Corrode rF+ rN+ Int+4}
   (You found it in an ice cave)

   [ring of protection from fire]

   It affects your intelligence (+4).
   It protects you from fire.
   It protects you from negative energy.
   It may corrode you when you take damage.
 M - a +5 ring of evasion (left hand)
 O - an uncursed ring of protection from cold
 U - a +4 amulet of reflection
Wands
 C - a wand of disintegration (16)
 D - a wand of flame (119)
 E - a wand of digging (16)
 Q - a wand of paralysis (17)
 Y - a wand of acid (2)
 Z - a wand of iceblast (10)
Scrolls
 d - 4 scrolls of blinking
 h - a scroll of amnesia
 o - 2 scrolls of magic mapping
 s - 4 scrolls of identify
 y - 8 scrolls of remove curse
 B - 5 scrolls of fear
 F - 11 scrolls of teleportation
 L - a scroll of holy word
 V - a scroll of brand weapon
Potions
 a - 2 potions of cancellation
 b - 5 potions of brilliance
 n - 4 potions of lignification
 r - 5 potions of curing
 t - 4 potions of ambrosia
 w - a potion of haste
 A - a potion of stabbing
 H - 2 potions of heal wounds
 K - 4 potions of flight
Comestibles
 f - 30 rations


   Skills:
 - Level 10.0 Fighting
   Level 0.6(10.0) Short Blades
 - Level 16.1 Long Blades
 + Level 0.2 Polearms
 - Level 5.2 Throwing
 + Level 7.7 Armour
 + Level 8.3 Dodging
 * Level 13.9 Spellcasting
 + Level 7.5 Conjurations
   Level 3.5 Hexes
 + Level 5.8 Charms
 + Level 4.4 Translocations
 + Level 8.8 Fire Magic
 * Level 8.8 Ice Magic
 * Level 6.0 Air Magic
 + Level 6.7 Poison Magic
 + Level 0.3 Evocations


You had 8 spell levels left.
You knew the following spells:

 Your Spells              Type           Power        Failure   Level  Hunger
a - Apportation           Tloc           ####..       1%          1    None
b - Blink                 Tloc           N/A          1%          2    None
d - Magic Dart            Conj           ####         1%          1    None
f - Conjure Flame         Conj/Fire      #####...     1%          3    None
g - Shroud of Golubria    Chrm/Tloc      ####..       1%          2    None
l - Lightning Bolt        Conj/Air       #####.....   11%         5    ####...
n - Ignite Poison         Fire/Tmut/Pois ####....     2%          3    None
r - Airstrike             Air            ####......   5%          4    None
s - Song of Slaying       Chrm           ####....     1%          2    None
x - Olgreb's Toxic Radia  Pois           #####...     4%          4    None
y - Sticky Flame          Conj/Fire      #####...     2%          4    None
z - Ozocubu's Armour      Chrm/Ice       #####...     1%          3    None

Your spell library contained the following spells:

 Spells                   Type           Power        Failure   Level  Hunger
 Corona                   Hex            ####...      1%          1    None
 Foxfire                  Conj/Fire      ####         1%          1    None
 Infusion                 Chrm           ####         1%          1    None
 Inner Flame              Hex/Fire       ####....     1%          3    None
 Spectral Weapon          Hex/Chrm       ####....     2%          3    None
 Gell's Gravitas          Tloc           ####......   3%          3    None
 Lesser Beckoning         Tloc           ####......   3%          3    None
 Teleport Other           Tloc           ####....     3%          3    None
 Stone Arrow              Conj/Erth      ####..       4%          3    None
 Fireball                 Conj/Fire      #####.....   6%          5    ####...
 Animate Skeleton         Necr           N/A          7%          1    None
 Sandblast                Erth           ##....       7%          1    None
 Summon Small Mammal      Summ           ##..         7%          1    None
 Passwall                 Tmut/Erth      ##......     10%         2    None
 Ice Form                 Ice/Tmut       ####....     11%         4    None
 Passage of Golubria      Tloc           N/A          11%         4    None
 Metabolic Englaciation   Hex/Ice        ####......   14%         5    ####...
 Ozocubu's Refrigeration  Ice            #####.....   26%         6    #####..
 Starburst                Conj/Fire      #####.....   34%         6    #####..
 Freezing Cloud           Conj/Ice/Air   #####.....   43%         6    #####..
 Petrify                  Tmut/Erth      ##......     54%         4    None
 Simulacrum               Ice/Necr       ####......   86%         6    #####..
 Lee's Rapid Deconstruct  Erth           ##........   88%         5    ####...
 Ring of Flames           Chrm/Fire      #####.....   95%         7    #######
 Ignition                 Fire           #####.....   100%        8    #######


Dungeon Overview and Level Annotations

Branches:
Dungeon (15/15)            Temple (1/1) D:7            Lair (6/6) D:8
 Shoals (0/4) Lair:3        Snake (0/4) Lair:2        Slime (0/5) Lair:6
    Orc (2/2) D:10            Elf (0/3) Orc:2        Vaults (0/5) D:13
  Sewer (visited)           IceCv (visited)         Gauntlet (visited)
 Depths: D:15

Altars:
Ashenzari
Cheibriados
Dithmenos
Elyvilon
Fedhas
Gozag
Hepliaklqana
Kikubaaqudgha
Nemelex Xobeh
Okawaru
Qazlal
Ru
Sif Muna
Trog
Uskayaw
Vehumet
Wu Jian
Xom
Zin
The Shining One
Beogh
Jiyva

Shops:
D:5 *   D:10 ([   D:12 (   Orc:1 [   Orc:2 [=(%

Annotations:
D:13 exclusion: oklob plant
Lair:5 exclusion: 4 oklob plants


Innate Abilities, Weirdness & Mutations

You can be seen from farther away. (+LOS)
You can swim through water.
You cover ground slowly.
You can hop long distances.
You have a pair of small horns on your head.
You have sharp toenails.
Your mind is acute. (Int +2)
You are weak. (Str -2)


Message History

You now have 753 gold pieces (gained 6).
Okay, then.
Evoke which item? (* to show all) (? for menu, Esc to quit)
Aiming: Dig
Press: ? - help, Shift-Dir - straight line A rock wall.
The rock shatters into small pieces.
A frilled lizard comes into view.
You barely miss the frilled lizard.
The frilled lizard completely misses you.
You hit the frilled lizard but do no damage.
The frilled lizard completely misses you.
You riposte.
You slice the frilled lizard!!
You kill the frilled lizard!
You now have 757 gold pieces (gained 4).
You see here 23 bolts.
Okay, then.
There is a staircase leading out of the dungeon here.
Are you sure you want to leave the Dungeon?
This will make you lose the game!
You have escaped!

....##.#.#######...#.#..#..##
.....................#..##..#
..#.###.........#.####..###.###
###...###...............###...#
#.......##############.##.###.#
......(..######...###.....###.##
....⌠......##.......##.........#
.........##..........#..#####.##
#.......####....@....#..## #..#
###.((### #.........#...###..###
####.### ##.......##.#.##....##
###...######...####......##...
####.......######### #...........
..#................###.....####..
..#....⌠....##....#..#.....# #..
..#.........###^###.##.....# ##.
..##.......##........##.##.######


There were no monsters in sight!

Vanquished Creatures
  2 frost giants
  The ghost of Suecw the Cleaver, a journeyman DDFi of Makhleb (Orc:1)
  Azrael (D:15)
  A minotaur (Gauntlet)
  An ogre mage (D:14)
  2 vault guards (D:13)
  A rakshasa (D:15)
  A death knight (D:13)
  6 hydras
  5 catoblepae
  3 centaur warriors (D:13)
  4 two-headed ogres
  A tengu warrior (D:14)
  9 death yaks
  5 orc high priests
  Sonja (D:12)
  A death drake (Gauntlet)
  4 skeletal warriors (D:15)
  3 unseen horrors
  A glowing orange brain (D:15)
  A sixfirhy (Gauntlet)
  A swamp dragon (shapeshifter) (D:15)
  7 orc knights
  2 wizards
  2 necromancers (D:13)
  An orb spider (shapeshifter) (D:15)
  Pikel (D:4)
  6 cyclopes
  2 deep elf magi (D:15)
  2 orc sorcerers (Orc:2)
  11 ugly things
  4 manticores
  10 elephants
  A spectral centaur (Gauntlet)
  A black mamba (Lair:3)
  A torpor snail (Lair:6)
  5 gargoyles
  11 spiny frogs
  2 kobold demonologists (D:13)
  2 minotaur zombies (Gauntlet)
  6 komodo dragons
  A rime drake (Lair:4)
  An efreet (D:15)
  3 meliai (D:14)
  Grinder (D:3)
  A wolf spider simulacrum (D:15)
  4 trolls
  11 polar bears (IceCv)
  8 dream sheep
  4 blink frogs
  5 slime creatures (D:13)
  16 hippogriffs
  A meliai zombie (Gauntlet)
  Sigmund (D:2)
  A vampire (D:14)
  5 flying skulls (Gauntlet)
  4 wraiths
  20 humans (D:13)
  A spriggan (D:8)
  A shadow (D:11)
  31 yaks
  4 wyverns
  A water elemental (D:13)
  3 fire elementals
  7 basilisks
  Eustachio (D:5)
  4 vampire mosquitoes (D:15)
  2 hungry ghosts
  6 wargs
  Duvessa (D:5)
  3 hell hounds (D:14)
  An acid dragon (D:13)
  10 water moccasins
  A hornet zombie (D:12)
  9 porcupines
  2 black bears
  29 orc warriors
  4 ice beasts
  6 sky beasts
  16 ogres
  5 phantoms
  21 wolves
  12 centaurs
  17 crocodiles
  A wyvern zombie (D:14)
  5 big kobolds
  20 bullfrogs
  2 gnoll sergeants
  Dowan (D:5)
  A water moccasin skeleton (D:8)
  8 wights
  10 scorpions
  7 killer bees
  4 electric eels
  4 jellies
  5 howler monkeys
  5 centaur zombies
  4 crimson imps
  A bullfrog zombie (D:13)
  6 hounds
  3 quasits
  4 bullfrog skeletons
  4 centaur skeletons
  26 orc priests
  20 orc wizards
  6 iguanas
  Natasha (D:2)
  8 worker ants
  A hound zombie (D:5)
  A hound skeleton (D:5)
  A worker ant zombie (D:11)
  9 gnolls
  10 adders
  A river rat (D:4)
  7 shadow imps
  12 white imps (Lair:3)
  2 ufetubi (Gauntlet)
  An adder skeleton (D:7)
  4 worms
  4 dart slugs
  9 leopard geckos
  82 orcs
  A giant cockroach (D:2)
  6 goblins
  5 hobgoblins
  9 jackals
  7 quokkas
  13 bats
  12 frilled lizards
  20 kobolds
  A leopard gecko zombie (D:9)
  A quokka skeleton (D:5)
  13 rats
  2 fungi
  A plant (D:8)
808 creatures vanquished.

Vanquished Creatures (others)
  7 polar bears (IceCv)
  A wyvern (D:15)
  An orc (D:13)
  8 fungi
  6 plants
23 creatures vanquished.

Grand Total: 831 creatures vanquished

Notes
Turn   | Place    | Note
-------+----------+-------------------------------------------
     0 | D:1      | Esekla the Barachi Warper began the quest for the Orb.
     0 | D:1      | Reached XP level 1. HP: 17/17 MP: 3/3
   114 | D:1      | Reached XP level 2. HP: 17/23 MP: 5/5
   122 | D:1      | Learned a level 2 spell: Shroud of Golubria
   125 | D:1      | Learned a level 2 spell: Blink
   175 | D:1      | Reached skill level 3 in Long Blades
   197 | D:1      | Reached XP level 3. HP: 20/28 MP: 6/6
   843 | D:2      | Reached XP level 4. HP: 34/34 MP: 7/7
   863 | D:2      | Noticed Sigmund
   874 | D:2      | Killed Sigmund
   874 | D:2      | Reached skill level 5 in Long Blades
   874 | D:2      | Reached XP level 5. HP: 41/41 MP: 8/8
   997 | D:2      | Noticed Natasha
  1008 | D:2      | Killed Natasha
  1008 | D:2      | Reached XP level 6. HP: 42/47 MP: 9/9
  1065 | D:2      | Found a shimmering blue altar of Sif Muna.
  1386 | D:3      | Reached skill level 6 in Long Blades
  1502 | D:3      | Found a sparkling altar of Nemelex Xobeh.
  1805 | D:3      | Noticed Grinder
  1837 | D:3      | Paralysed by Grinder for 5 turns
  1934 | D:3      | Killed Grinder
  1934 | D:3      | Reached skill level 7 in Long Blades
  1934 | D:3      | Reached XP level 7. HP: 52/52 MP: 10/10
  1992 | D:4      | Found a hide-covered altar of Uskayaw.
  2152 | D:4      | Found a glowing drain.
  2168 | Sewer    | Entered a sewer
  2471 | D:4      | Got a slimy scale mail
  2491 | D:4      | Noticed Pikel
  2511 | D:4      | Killed Pikel
  2511 | D:4      | Reached skill level 9 in Long Blades
  2511 | D:4      | Reached XP level 8. HP: 61/61 MP: 11/11
  2519 | D:4      | Gained mutation: Your mind is acute. (Int +2) [potion of
                  | mutation]
  2519 | D:4      | Gained mutation: You expend magic power (3 MP) to
                  | strengthen your wands. [potion of mutation]
  3092 | D:5      | Entered Level 5 of the Dungeon
  3104 | D:5      | Reached skill level 5 in Armour
  3127 | D:5      | Found Gozag's Platinum Reserve.
  3128 | D:5      | Found an opulent altar of Gozag.
  3171 | D:5      | Found an iron altar of Okawaru.
  3295 | D:5      | Lost mutation: You expend magic power (3 MP) to strengthen
                  | your wands. [potion of mutation]
  3295 | D:5      | Lost mutation: Your mind is acute. (Int +2) [potion of
                  | mutation]
  3295 | D:5      | Gained mutation: Your mind is acute. (Int +2) [potion of
                  | mutation]
  3295 | D:5      | Gained mutation: You are somewhat resistant to further
                  | mutation. [potion of mutation]
  3310 | D:5      | Reached skill level 10 in Long Blades
  3311 | D:5      | Noticed Dowan
  3311 | D:5      | Noticed Duvessa
  3429 | D:6      | Reached XP level 9. HP: 62/67 MP: 12/12
  3482 | D:6      | Found a shattered altar of Ashenzari.
  3525 | D:6      | Reached skill level 5 in Fighting
  3617 | D:6      | Reached skill level 11 in Long Blades
  3813 | D:7      | Found a sacrificial altar of Ru.
  4493 | D:7      | Reached skill level 5 in Dodging
  4713 | D:7      | Found a staircase to the Ecumenical Temple.
  4719 | Temple   | Entered the Ecumenical Temple
  4760 | Temple   | Identified the +4 scale mail of Cocytus {MR+++ rCorr Int-4
                  | Slay-5} (You found it on level 4 of the Dungeon)
  4830 | Temple   | Became a worshipper of Vehumet
  4883 | D:7      | Reached skill level 12 in Long Blades
  4913 | D:6      | Found a shadowy altar of Dithmenos.
  4913 | D:6      | Found a snail-covered altar of Cheibriados.
  5078 | D:6      | Reached XP level 10. HP: 76/76 MP: 13/13
  5150 | D:6      | Learned a level 1 spell: Corona
  5152 | D:6      | Learned a level 1 spell: Apportation
  5384 | D:5      | Found a blossoming altar of Fedhas.
  5387 | D:5      | Found an ancient bone altar of Kikubaaqudgha.
  5497 | D:5      | Noticed Eustachio
  5509 | D:5      | Killed Eustachio
  5737 | D:5      | Reached * piety under Vehumet
  5737 | D:5      | Offered knowledge of Magic Dart by Vehumet.
  5737 | D:5      | Reached skill level 1 in Hexes
  5762 | D:5      | Learned a level 1 spell: Magic Dart
  5843 | D:5      | Killed Duvessa
  5867 | D:5      | Killed Dowan
  6151 | D:7      | Reached skill level 1 in Conjurations
  6216 | D:8      | Noticed a moth of wrath
  6415 | D:8      | Reached skill level 1 in Charms
  6458 | D:8      | Found a staircase to the Lair.
  6498 | D:8      | Reached skill level 13 in Long Blades
  6596 | D:8      | Found an ornate altar of the Wu Jian Council.
  7085 | D:8      | Found a bloodstained altar of Trog.
  7094 | D:8      | Reached ** piety under Vehumet
  7280 | D:8      | Offered knowledge of Freeze by Vehumet.
  7500 | D:8      | Found a sacrificial altar of Ru.
  7932 | D:9      | Got a ripped robe
  7954 | D:9      | Identified the +2 robe of Contentment {-Cast rCorr Int+6
                  | SInv} (You found it on level 9 of the Dungeon)
  8134 | D:10     | Entered Level 10 of the Dungeon
  8204 | D:10     | Reached XP level 11. HP: 81/83 MP: 16/16
  8436 | D:10     | Found a staircase to the Orcish Mines.
  8437 | D:10     | Found Ruon's Weapon Shoppe.
  8437 | D:10     | Found Peotre's Armour Shoppe.
  8482 | D:10     | Offered knowledge of Conjure Flame by Vehumet.
  8482 | D:10     | Reached skill level 14 in Long Blades
  8493 | D:10     | Learned a level 3 spell: Conjure Flame
  8559 | D:10     | Noticed an unseen horror
  8562 | D:10     | Killed an unseen horror
  8750 | D:10     | Reached *** piety under Vehumet
  8750 | D:10     | Reached skill level 1 in Fire Magic
  9061 | Lair:1   | Entered Level 1 of the Lair of Beasts
  9222 | Lair:1   | Offered knowledge of Ignite Poison by Vehumet.
  9268 | Lair:1   | Learned a level 3 spell: Ignite Poison
  9654 | Lair:1   | Reached skill level 5 in Spellcasting
  9680 | Lair:1   | Reached skill level 1 in Poison Magic
  9764 | Lair:1   | Learned a level 4 spell: Sticky Flame
 10170 | Lair:1   | Noticed a four-headed hydra
 10179 | Lair:1   | Killed a four-headed hydra
 10179 | Lair:1   | Reached skill level 15 in Long Blades
 10179 | Lair:1   | Reached XP level 12. HP: 81/91 MP: 17/20
 10419 | Lair:2   | Noticed a seven-headed hydra
 10563 | Lair:2   | Killed a seven-headed hydra
 10712 | Lair:2   | Found a staircase to the Snake Pit.
 11013 | Lair:2   | Reached **** piety under Vehumet
 11411 | Lair:3   | Offered knowledge of Olgreb's Toxic Radiance by Vehumet.
 11418 | Lair:3   | Learned a level 4 spell: Olgreb's Toxic Radiance
 11440 | Lair:3   | Found a frozen archway.
 11440 | Lair:3   | Noticed a seven-headed hydra
 11563 | IceCv    | Entered an ice cave
 11570 | IceCv    | Learned a level 2 spell: Song of Slaying
 11824 | IceCv    | Reached skill level 16 in Long Blades
 11881 | IceCv    | Noticed a death yak
 11881 | IceCv    | Noticed a death yak
 11919 | IceCv    | Killed a death yak
 11921 | IceCv    | Killed a death yak
 11921 | IceCv    | Reached skill level 5 in Fire Magic
 12085 | IceCv    | Reached skill level 5 in Conjurations
 12229 | IceCv    | Noticed a frost giant
 12256 | IceCv    | Killed a frost giant
 12256 | IceCv    | Gained mutation: You can hop long distances. [Barachi
                  | growth]
 12256 | IceCv    | Reached XP level 13. HP: 66/98 MP: 8/25
 12535 | IceCv    | Got a pitted wooden ring
 12542 | IceCv    | Got a scorched halberd
 12577 | IceCv    | Identified the +1 halberd of Hell's Wrath {speed, rN+ MR++}
                  | (You found it in an ice cave)
 12578 | IceCv    | Identified the ring of Moral Flaws {*Corrode rF+ rN+ Int+4}
                  | (You found it in an ice cave)
 12866 | Lair:3   | Found a staircase to the Shoals.
 13594 | Lair:3   | Reached ***** piety under Vehumet
 13802 | Lair:4   | Offered knowledge of Fulminant Prism by Vehumet.
 13808 | Lair:4   | Learned a level 3 spell: Ozocubu's Armour
 14074 | Lair:4   | You fall into a shaft and drop 2 floors!
 14074 | Lair:6   | Entered Level 6 of the Lair of Beasts
 14268 | Lair:5   | Found the +8 autumn katana {vorpal, Clar}
 14327 | Lair:5   | Reached skill level 1 in Ice Magic
 15412 | Lair:5   | Reached skill level 5 in Poison Magic
 15669 | Lair:5   | Got a scorched cloak
 15678 | Lair:5   | Identified the cursed -6 cloak of Komohe {rN+} (You found
                  | it on level 5 of the Lair of Beasts)
 15823 | Lair:6   | Reached skill level 5 in Throwing
 16047 | Lair:6   | Found a viscous altar of Jiyva.
 16047 | Lair:6   | Found a staircase to the Slime Pits.
 16589 | Lair:6   | Reached XP level 14. HP: 91/106 MP: 21/27
 16671 | Lair:6   | Reached skill level 10 in Spellcasting
 17514 | D:11     | Found a gate leading to a gauntlet.
 17539 | Gauntlet | Entered a Gauntlet
 17539 | Gauntlet | Found a transporter.
 17539 | Gauntlet | Found a transporter.
 17539 | Gauntlet | Found a transporter.
 17539 | Gauntlet | Found a transporter.
 17576 | Gauntlet | Found a transporter.
 17579 | Gauntlet | Found a transporter.
 17595 | Gauntlet | Found a transporter.
 17615 | Gauntlet | Found a transporter.
 17630 | Gauntlet | Found a transporter.
 17633 | Gauntlet | Found a transporter.
 17646 | Gauntlet | Found a transporter.
 17649 | Gauntlet | Found a transporter.
 17917 | Gauntlet | Got a steaming hat
 17919 | Gauntlet | Identified the +1 hat of the Trees {Slay+2 SInv} (You found
                  | it in a Gauntlet)
 18823 | D:10     | Lost mutation: Your mind is acute. (Int +2) [potion of
                  | mutation]
 18823 | D:10     | Lost mutation: You are somewhat resistant to further
                  | mutation. [potion of mutation]
 18823 | D:10     | Gained mutation: Your mind is acute. (Int +2) [potion of
                  | mutation]
 18823 | D:10     | Gained mutation: You are weak. (Str -2) [potion of
                  | mutation]
 18823 | D:10     | Gained mutation: You have sharp toenails. [potion of
                  | mutation]
 18823 | D:10     | Gained mutation: You have a pair of small horns on your
                  | head. [potion of mutation]
 18829 | Orc:1    | Entered Level 1 of the Orcish Mines
 18829 | Orc:1    | Found Faitifo's Armour Boutique.
 18905 | Orc:1    | Found a runed translucent gate.
 18906 | Orc:1    | Found a runed translucent gate.
 18906 | Orc:1    | Noticed Suecw's ghost (journeyman DDFi)
 18907 | Orc:1    | Found a runed translucent gate.
 18911 | Orc:1    | Identified the cursed +3 dire flail of Itadeih {vorpal,
                  | rElec Int+4}
 18911 | Orc:1    | Identified the +3 chain mail "Lesso" {Int+3}
 18927 | Orc:1    | Found a roughly hewn altar of Beogh.
 19193 | Orc:2    | Entered Level 2 of the Orcish Mines
 19202 | Orc:2    | Offered knowledge of Airstrike by Vehumet.
 19203 | Orc:2    | Found a roughly hewn altar of Beogh.
 19251 | Orc:1    | Reached skill level 5 in Ice Magic
 19257 | Orc:1    | Learned a level 4 spell: Airstrike
 19677 | Orc:2    | Found a staircase to the Elven Halls.
 19847 | Orc:2    | Reached skill level 1 in Air Magic
 19901 | Orc:2    | Reached skill level 10 in Fighting
 20665 | Orc:2    | Found Ochohasm's Jewellery Shop.
 20666 | Orc:2    | Found Ypnam's Armour Shop.
 20682 | Orc:2    | Found Naniptao's Antique Weapon Boutique.
 20686 | Orc:2    | Found Toahilyo's Food Boutique.
 20689 | Orc:2    | Reached XP level 15. HP: 104/115 MP: 22/30
 20770 | Orc:2    | Bought the +1 cloak of Starlight {rElec rC+ EV+4 Stlth--}
                  | for 801 gold pieces
 20770 | Orc:2    | Found the +1 cloak of Starlight {rElec rC+ EV+4 Stlth--}
 20973 | Orc:1    | Killed Suecw's ghost
 21142 | D:10     | Bought a +2 hat for 208 gold pieces
 21241 | D:12     | Found Cirpheuw's Weapon Shoppe.
 21649 | D:12     | Noticed Sonja
 21657 | D:12     | Killed Sonja
 21990 | D:12     | Reached ****** piety under Vehumet
 22239 | D:13     | Offered knowledge of Lightning Bolt by Vehumet.
 22300 | D:13     | Learned a level 5 spell: Lightning Bolt
 22553 | D:13     | Found a shadowy altar of Dithmenos.
 22651 | D:13     | Reached skill level 5 in Charms
 22660 | D:13     | Noticed a frost giant
 22745 | D:13     | Killed a frost giant
 23614 | D:13     | Found a gate to the Vaults.
 24027 | D:15     | Entered Level 15 of the Dungeon
 24224 | D:14     | Reached skill level 5 in Air Magic
 24508 | D:14     | Reached XP level 16. HP: 102/122 MP: 31/33
 24830 | D:15     | Noticed Azrael
 24866 | D:15     | Killed Azrael
 25076 | D:15     | Offered knowledge of Conjure Ball Lightning by Vehumet.
 25206 | D:15     | Found a shimmering blue altar of Sif Muna.
 25354 | D:15     | Got a transparent war axe
 25360 | D:15     | Identified the cursed +1 war axe "Orb Guardian's Foe"
                  | {vorpal, *Rage rN++ Int+5} (You found it on level 15 of the
                  | Dungeon)
 25469 | D:15     | Noticed a storm dragon
 25934 | D:5      | Fell from the grace of Vehumet
 25934 | D:5      | Became a worshipper of Gozag Ym Sagoz the Greedy
 26043 | D:$      | Got out of the dungeon alive.

Levels and vault maps discovered:
D:1:      dpeg_arrival_three_same_balls, layout_rooms, minmay_lizard_king
D:2:      layout_basic, lemuel_blue_sif_altar, uniq_natasha, uniq_sigmund
D:3:      layout_loops_ring, old_standard_altar, first_ration,
          minmay_misc_feat_room, uniq_grinder
D:4:      layout_loops_corners, eat_drink_and_be_merry_uskayaw,
          lightli_sewer_entry_pipes, uniq_pikel
D:5:      minmay_thinvault, layout_cave_pools,
          grunt_temple_overflow_growth_and_decay, okawaru_gym_becter,
          nicolae_gozag_zags_fifth_avenue, uniq_eustachio, uniq_duvessa
D:6:      layout_loops_ring, nicolae_overflow_hidden_temple,
          minmay_unpleasant_kobolds
D:7:      layout_gridville, old_standard_altar, minmay_temple_entry_fiery
D:8:      layout_loops_corners, lemuel_round_altar, tgw_trog,
          due_lair_maze_entry_diamond, the_bakery,
          nicolae_ru_the_path_less_chosen
D:9:      layout_grid_maze
D:10:     layout_basic, orc_david_3, chequers_avenue
D:11:     minmay_curly_fans, layout_gridville, gauntlet_entry_generic
D:12:     layout_roguey, serial_shops, shop, grunt_ministairs_2, uniq_sonja
D:13:     minmay_connected_boxes_in_corner, layout_basic,
          grunt_vaults_entry_tiered, lemuel_oklob_altar
D:14:     layout_gridville, minmay_crystal_room, chequers_decorated_corner,
          bh_chokoban
D:15:     gammafunk_enter_depths_forms, layout_long_grid, basic_altar,
          moated_statue, uniq_azrael
Temple:   compressed_dpeg_triangle_lava_temple
Lair:1:   layout_loops_ring, hibernation_bobbens, serial_bayou_shore_b
Lair:2:   layout_long_grid, dummy_snake_entry, lemuel_fruit_tree,
          grunt_megastairs_1, serial_bayou_shore_a
Lair:3:   layout_regular_city, elwin_shoals_entry_rocks,
          portal_ice_cave_entry_imps, st_stairs_9, serial_bayou_shore_b
Lair:4:   layout_regular_city, serial_bayou_crossing
Lair:5:   layout_roguey, st_stairs_8, infiniplex_staircase_pool_2,
          minmay_lair_oklob_chamber
Lair:6:   evilmike_catoblepas_cave, layout_layer_cave, slime_altar_1
Orc:1:    layout_caves, serial_shops, nicolae_shop_crystal,
          biasface_ghost_orc_armoury
Orc:2:    st_orc_mages, layout_caves, basic_altar, nicolae_orc_damp_corner

Skill      XL: |  1  2  3  4  5  6  7  8  9 10 11 12 13 14 15 16 |
---------------+-------------------------------------------------+-----
Long Blades    | 3 5 7 9 10 12 13 15 16 | 16.1
Fighting       | 3 4 5 6 7 8 10 | 10.0
Armour         | 2 3 4 5 6 7 |  7.7
Dodging        | 3 4 5 6 7 8 |  8.3
Throwing       | 2 3 4 5 |  5.2
Spellcasting   | 3 5 8 9 11 13 | 13.9
Hexes          | 3 |  3.5
Conjurations   | 4 5 6 7 |  7.5
Charms         | 2 3 4 5 |  5.8
Fire Magic     | 3 5 7 8 |  8.8
Poison Magic   | 2 3 5 6 |  6.7
Translocations | 4 |  4.4
Ice Magic      | 3 5 8 |  8.8
Air Magic      | 2 5 6 |  6.0
Short Blades   | |  0.6
Polearms       | |  0.2
Evocations     | |  0.3

Action                   |  1- 3 |  4- 6 |  7- 9 | 10-12 | 13-15 | 16-18 || total
-------------------------+-------+-------+-------+-------+-------+-------++-------
Melee: Falchion          |    86 |   128 |   614 |       |       |       ||   828
       Double sword      |       |       |    32 |   687 |   122 |       ||   841
       Spear             |       |       |       |    22 |     2 |       ||    24
       Short sword       |       |       |       |     4 |     5 |       ||     9
       Katana            |       |       |       |       |   739 |   139 ||   878
       Headbutt          |       |       |       |       |    82 |    33 ||   115
       Scimitar          |       |       |       |       |       |     7 ||     7
Throw: Dart              |     1 |     5 |    26 |    70 |   153 |       ||   255
       Boomerang         |       |       |    10 |    31 |    23 |       ||    64
       Javelin           |       |       |       |       |     2 |       ||     2
 Cast: Shroud of Golubri |       |       |     2 |    10 |     2 |     1 ||    15
       Magic Dart        |       |       |       |    28 |    58 |       ||    86
       Blink             |       |       |       |    23 |     8 |       ||    31
       Conjure Flame     |       |       |       |    18 |     6 |     1 ||    25
       Sticky Flame      |       |       |       |    30 |   138 |    17 ||   185
       Corona            |       |       |       |     2 |       |       ||     2
       Song of Slaying   |       |       |       |     6 |    22 |     3 ||    31
       Olgreb's Toxic Ra |       |       |       |     3 |     8 |     1 ||    12
       Apportation       |       |       |       |     2 |     7 |       ||     9
       Ozocubu's Armour  |       |       |       |       |    62 |    10 ||    72
       Airstrike         |       |       |       |       |    28 |    15 ||    43
       Lightning Bolt    |       |       |       |       |     2 |       ||     2
       Ignite Poison     |       |       |       |       |       |     1 ||     1
 Abil: Hop               |       |     1 |     2 |     9 |     2 |       ||    14
Evoke: Phial of floods   |       |       |       |     1 |       |       ||     1
       Wand              |       |       |       |       |     7 |    10 ||    17
  Use: Scroll            |     1 |     4 |    10 |     8 |    23 |     7 ||    53
       Potion            |       |     3 |     5 |     6 |     9 |     3 ||    26
 Stab: Sleeping          |       |       |     1 |     1 |     1 |       ||     3
  Eat: Chunk             |       |     4 |     5 |    32 |    47 |     4 ||    92
       Ration            |       |       |     2 |     1 |     3 |     1 ||     7
Armor: Scale mail        |    66 |    57 |   297 |       |       |       ||   420
       Leather armour    |     1 |       |    16 |   208 |   138 |       ||   363
       Skin              |       |       |       |    30 |       |       ||    30
       Troll leather arm |       |       |       |       |    70 |    36 ||   106
Dodge: Dodged            |    67 |    58 |   396 |   464 |   793 |   130 ||  1908
       Rpst.: Falchion   |    30 |    17 |   115 |       |       |       ||   162
       Double sword      |       |       |    12 |   118 |    21 |       ||   151
       Katana            |       |       |       |       |   158 |    28 ||   186
       Scimitar          |       |       |       |       |       |     1 ||     1

Table legend:
 A = Non-vault XP
 B = Vault XP
 C = Vault XP percentage of total XP
 D = Non-vault monster count
 E = Vault monster count
 F = Vault count percentage of total count
                 A         B        C        D         E       F
            +---------+---------+-------+---------+---------+-------
      Total |   84096 |   67150 |  44.4 |     522 |     284 |  35.2
            +---------+---------+-------+---------+---------+-------
        D:1 |      40 |       9 |  18.4 |      24 |       7 |  22.6
        D:2 |      60 |     255 |  81.0 |      13 |       2 |  13.3
        D:3 |      88 |     281 |  76.2 |      22 |       1 |   4.3
        D:4 |     521 |     641 |  55.2 |      18 |       7 |  28.0
        D:5 |     210 |     981 |  82.4 |       4 |      17 |  81.0
        D:6 |     878 |     200 |  18.6 |      17 |       6 |  26.1
        D:7 |    1569 |       0 |   0.0 |      36 |       0 |   0.0
        D:8 |    1236 |    1373 |  52.6 |      22 |      16 |  42.1
        D:9 |     374 |       0 |   0.0 |      10 |       0 |   0.0
       D:10 |    4541 |     399 |   8.1 |      34 |       7 |  17.1
       D:11 |    1070 |    1621 |  60.2 |       8 |       7 |  46.7
       D:12 |    7772 |    1051 |  11.9 |      46 |       3 |   6.1
       D:13 |    8673 |   14210 |  62.1 |      43 |      46 |  51.7
       D:14 |    6696 |     646 |   8.8 |      19 |       4 |  17.4
       D:15 |   15746 |    4214 |  21.1 |      35 |       7 |  16.7
     Lair:1 |    4474 |     935 |  17.3 |      20 |       1 |   4.8
     Lair:2 |    3871 |       0 |   0.0 |      21 |       0 |   0.0
     Lair:3 |    4256 |     297 |   6.5 |      14 |      13 |  48.1
     Lair:4 |    2984 |     223 |   7.0 |      11 |       1 |   8.3
     Lair:5 |    4170 |     261 |   5.9 |      11 |       1 |   8.3
     Lair:6 |    7809 |   12314 |  61.2 |      24 |      23 |  48.9
      Orc:1 |    1543 |    5139 |  76.9 |      21 |      15 |  41.7
      Orc:2 |    5515 |    5475 |  49.8 |      49 |      37 |  43.0
      Sewer |       0 |     112 | 100.0 |       0 |       6 | 100.0
      IceCv |       0 |   10695 | 100.0 |       0 |      42 | 100.0
   Gauntlet |       0 |    5818 | 100.0 |       0 |      15 | 100.0
            +---------+---------+-------+---------+---------+-------
